Penguins vs Ducks

Created - January 31 2011 at 17:26

Goals
1 2 3 OT1 T
Penguins 1 1 0 0 2
Ducks 1 0 1 1 3
Shots
1 2 3 OT1 T
Penguins 5 4 10 0 19
Ducks 3 8 11 2 24

Period #1

1. Penguins , Nicklas Lidstrom 10 (Daniel Sedin, Henrik Sedin) at 2:11 (PP)
2. Ducks , David Perron 10 (Nick Schultz, Jakub Voracek) at 4:29

Penalties :
Henrik Tallinder (ANA) for Roughing (Minor) at 1:30, Kurtis Foster (ANA) for Hooking (Minor) at 12:22, Tom Poti (ANA) for High sticking (Minor) at 12:33, David Clarkson (ANA) for Hooking (Minor) at 18:52

Period #2

3. Penguins , Daniel Sedin 16 (Henrik Sedin) at 2:10 (PP)

Penalties :
David Clarkson (ANA) for Holding (Minor) at 2:04, Dan Girardi (PIT) for Roughing (Double Minor) at 9:24, Kurtis Foster (ANA) for Hooking (Minor) at 9:59, David Clarkson (ANA) for Slashing (Double Minor) at 12:18, Pavel Kubina (PIT) for Roughing (Minor) at 14:32, David Perron (ANA) for Tripping (Minor) at 15:19

Period #3

4. Ducks , Tom Poti 9 (Manny Malhotra, David Clarkson) at 5:45 (PP)

Penalties :
Nicklas Lidstrom (PIT) for Hooking (Minor) at 4:37, Dan Girardi (PIT) for Hooking (Minor) at 6:05, Pavel Datsyuk (PIT) for Interference (Minor) at 8:46

Overtime #1

5. Ducks , David Perron 11 (Manny Malhotra, Tom Poti) at 2:31 (PP)

Penalties :
Dan Girardi (PIT) for Tripping (Minor) at 0:50

Goalie Stats

Marc-Andre Fleury (PIT), 21 saves from 24 shots - (0.875), OTL, 29-12-5, 62:32 minutes
Jose Theodore (ANA), 17 saves from 19 shots - (0.895), W, 23-10-2, 62:32 minutes

Players Stats

Penguins
Player Name              G  A  P  +/- PIM S  H  SB FO    MP 
------------------------------------------------------------
Blair Betts              0  0  0   0  0   1  1  0  7/15  17 
Brad Richards            0  0  0   0  0   4  0  1  9/14  23 
Brandon Dubinsky         0  0  0  -1  0   1  5  0  0/1   17 
Brooks Orpik             0  0  0  -1  0   0  0  0  0/0   19 
Claude Giroux            0  0  0   0  0   0  0  0  2/4   15 
Curtis Glencross         0  0  0   0  0   3  0  0  0/3   7  
Dan Girardi              0  0  0   0  8   0  4  1  0/0   20 
Daniel Sedin             1  1  2  -1  0   2  1  0  1/3   20 
Daniel Winnik            0  0  0   0  0   1  0  0  1/2   15 
Henrik Sedin             0  2  2  -1  0   3  0  0  11/22 21 
Ian Laperriere           0  0  0   0  0   1  1  0  0/0   9  
Jason Pominville         0  0  0   0  0   0  0  0  3/5   18 
John-Michael Liles       0  0  0   0  0   0  1  0  0/0   1  
Nicklas Lidstrom         1  0  1   0  2   2  0  1  0/0   25 
Pavel Datsyuk            0  0  0   0  2   1  0  1  0/1   14 
Pavel Kubina             0  0  0   0  2   0  3  0  0/0   21 
Sami Salo                0  0  0   0  0   0  0  0  0/0   16 
Stephane Robidas         0  0  0  -1  0   0  3  0  0/0   22 
Ducks
Player Name              G  A  P  +/- PIM S  H  SB FO    MP 
------------------------------------------------------------
Andy McDonald            0  0  0   0  0   4  0  0  7/15  16 
Bobby Ryan               0  0  0   0  0   3  0  0  0/0   17 
Bryan Little             0  0  0   0  0   1  0  0  0/0   6  
Christian Hanson         0  0  0   0  0   0  2  0  4/11  9  
David Clarkson           0  1  1   0  8   1  2  0  0/0   15 
David Perron             2  0  2   1  2   5  0  1  0/0   20 
Dominic Moore            0  0  0   0  0   0  0  0  0/0   16 
Dustin Byfuglien         0  0  0   0  0   1  0  1  1/3   13 
Henrik Tallinder         0  0  0   1  2   0  0  1  0/0   21 
Jakub Voracek            0  1  1   1  0   1  0  0  0/0   14 
Kurtis Foster            0  0  0   0  4   3  0  1  0/0   18 
Manny Malhotra           0  2  2   1  0   0  1  0  13/26 22 
Marc-Edouard Vlasic      0  0  0   0  0   1  0  2  0/0   23 
Nick Schultz             0  1  1   1  0   0  1  2  0/0   22 
Richard Park             0  0  0   0  0   1  0  0  8/12  15 
Rob Scuderi              0  0  0   0  0   1  0  3  0/0   18 
Tom Poti                 1  1  2   0  2   2  0  1  0/0   22 
Ville Leino              0  0  0   0  0   0  0  0  3/3   10 

3 Stars

1 - David Perron (ANA)
2 - Daniel Sedin (PIT)
3 - Manny Malhotra (ANA)

Power Play

Penguins - 2 on 8 Attempt(s) - 25.00%
Ducks - 2 on 6 Attempt(s) - 33.33%

Penalty Kill

Penguins - 4 on 6 Attempt(s) - 66.67% - Score 0 goal in Penalty Kill
Ducks - 6 on 8 Attempt(s) - 75.00% - Score 0 goal in Penalty Kill

Game Notes

No Game Note

Finance

Level 1 -- Attendance: 4504 (69.29%) -- Ticket Income $450,400.00
Level 2 -- Attendance: 3640 (72.80%) -- Ticket Income $218,400.00
Level 3 -- Attendance: 3012 (86.06%) -- Ticket Income $105,420.00
Level 4 -- Attendance: 1174 (100.00%) -- Ticket Income $23,480.00
Luxury Box -- Attendance: 760 (76.00%) -- Ticket Income $152,000.00
Game was played at the Honda Center
Total Attendance: 13090 (76.22%)
Total Ticket Income: $1,023,672.00
Other Income: $208,133.10
Total Income: $1,231,805.00


Play by Play

Period #1

0:01 of 1st period - Andy McDonald wins face-off versus Henrik Sedin in neutral zone.
0:11 of 1st period - Dustin Byfuglien is hit by Stephane Robidas and loses puck.
1:06 of 1st period - Brad Richards is hit by Nick Schultz and loses puck.
1:11 of 1st period - Shot by Brad Richards.
1:11 of 1st period - Shot Misses the Net.
1:30 of 1st period - Minor Penalty to Henrik Tallinder for Roughing.
1:31 of 1st period - Christian Hanson wins face-off versus Pavel Datsyuk in Ducks zone.
1:31 of 1st period - Christian Hanson is hit by Brandon Dubinsky.
1:51 of 1st period - Shot by Dan Girardi.
1:51 of 1st period - Shot Misses the Net.
1:53 of 1st period - Shot by Dan Girardi.
1:53 of 1st period - Shot Blocked by Rob Scuderi.
1:55 of 1st period - Shot by Brandon Dubinsky.
1:55 of 1st period - Shot Blocked by Tom Poti.
1:57 of 1st period - Shot by Dan Girardi.
1:57 of 1st period - Shot Misses the Net.
2:09 of 1st period - Shot by Daniel Sedin.
2:09 of 1st period - Shot Misses the Net.
2:11 of 1st period - Shot by Nicklas Lidstrom.
2:11 of 1st period - Goal by Nicklas Lidstrom - Penguins : 1 - Ducks : 0.
2:12 of 1st period - Blair Betts wins face-off versus Christian Hanson in neutral zone.
2:17 of 1st period - Henrik Tallinder is hit by Blair Betts.
2:27 of 1st period - Shot by Henrik Tallinder.
2:27 of 1st period - Shot Misses the Net.
2:29 of 1st period - Shot by Henrik Tallinder.
2:29 of 1st period - Deflect By Bryan Little.
2:29 of 1st period - Stopped by Marc-Andre Fleury with a rebound.
2:31 of 1st period - Shot by Henrik Tallinder.
2:31 of 1st period - Shot Misses the Net.
2:33 of 1st period - Shot by Henrik Tallinder.
2:33 of 1st period - Shot Misses the Net.
3:07 of 1st period - Shot by Pavel Datsyuk.
3:07 of 1st period - Shot Blocked by Rob Scuderi.
3:30 of 1st period - Shot by Brad Richards.
3:30 of 1st period - Stopped by Jose Theodore without a rebound.
3:31 of 1st period - Andy McDonald wins face-off versus Henrik Sedin in Ducks zone.
3:31 of 1st period - Marc-Edouard Vlasic is hit by Brandon Dubinsky and loses puck.
4:04 of 1st period - Shot by Andy McDonald.
4:04 of 1st period - Shot Misses the Net.
4:25 of 1st period - Shot by David Perron.
4:25 of 1st period - Shot Misses the Net.
4:29 of 1st period - Shot by David Perron.
4:29 of 1st period - Goal by David Perron - Penguins : 1 - Ducks : 1.
4:30 of 1st period - Richard Park wins face-off versus Blair Betts in neutral zone.
4:53 of 1st period - Shot by David Clarkson.
4:53 of 1st period - Shot Misses the Net.
5:24 of 1st period - Icing by Dan Girardi.
5:25 of 1st period - Blair Betts wins face-off versus Andy McDonald in Penguins zone.
5:40 of 1st period - Shot by Bobby Ryan.
5:40 of 1st period - Stopped by Marc-Andre Fleury without a rebound.
5:41 of 1st period - Jason Pominville wins face-off versus Christian Hanson in Penguins zone.
7:06 of 1st period - Brad Richards is hit by David Clarkson and loses puck.
10:07 of 1st period - Icing by John-Michael Liles.
10:08 of 1st period - Manny Malhotra wins face-off versus Curtis Glencross in Penguins zone.
10:08 of 1st period - Manny Malhotra is hit by John-Michael Liles.
10:57 of 1st period - Shot by Henrik Sedin.
10:57 of 1st period - Shot Blocked by Nick Schultz.
11:21 of 1st period - Icing by Henrik Tallinder.
11:22 of 1st period - Manny Malhotra wins face-off versus Blair Betts in Ducks zone.
12:22 of 1st period - Minor Penalty to Kurtis Foster for Hooking.
12:23 of 1st period - Ville Leino wins face-off versus Henrik Sedin in Ducks zone.
12:33 of 1st period - Minor Penalty to Tom Poti for High sticking.
12:34 of 1st period - Brad Richards wins face-off versus Christian Hanson in Ducks zone.
14:51 of 1st period - Shot by Curtis Glencross.
14:51 of 1st period - Shot Misses the Net.
16:56 of 1st period - Icing by Brad Richards.
16:57 of 1st period - Manny Malhotra wins face-off versus Brad Richards in Penguins zone.
16:57 of 1st period - Jakub Voracek is hit by Dan Girardi and loses puck.
17:11 of 1st period - Manny Malhotra is hit by Dan Girardi and loses puck.
17:39 of 1st period - Icing by Curtis Glencross.
17:40 of 1st period - Christian Hanson wins face-off versus Curtis Glencross in Penguins zone.
18:01 of 1st period - Henrik Sedin is hit by Christian Hanson and loses puck.
18:12 of 1st period - Shot by Henrik Sedin.
18:12 of 1st period - Shot Misses the Net.
18:14 of 1st period - Shot by Henrik Sedin.
18:14 of 1st period - Shot Misses the Net.
18:16 of 1st period - Shot by Henrik Sedin.
18:16 of 1st period - Stopped by Jose Theodore without a rebound.
18:17 of 1st period - Blair Betts wins face-off versus Manny Malhotra in Ducks zone.
18:27 of 1st period - Icing by Henrik Tallinder.
18:28 of 1st period - Henrik Sedin wins face-off versus Manny Malhotra in Ducks zone.
18:29 of 1st period - Shot by Daniel Sedin.
18:29 of 1st period - Shot Misses the Net.
18:31 of 1st period - Shot by Brandon Dubinsky.
18:31 of 1st period - Stopped by Jose Theodore without a rebound.
18:32 of 1st period - Richard Park wins face-off versus Claude Giroux in Ducks zone.
18:52 of 1st period - Minor Penalty to David Clarkson for Hooking.
18:53 of 1st period - Christian Hanson wins face-off versus Henrik Sedin in Ducks zone.
19:24 of 1st period - Shot by Henrik Sedin.
19:24 of 1st period - Stopped by Jose Theodore without a rebound.
19:25 of 1st period - Manny Malhotra wins face-off versus Brad Richards in Ducks zone.

Period #2

0:01 of 2nd period - Henrik Sedin wins face-off versus Manny Malhotra in neutral zone.
0:03 of 2nd period - Off-side.
0:04 of 2nd period - Henrik Sedin wins face-off versus Christian Hanson in neutral zone.
0:28 of 2nd period - Icing by Pavel Kubina.
0:29 of 2nd period - Henrik Sedin wins face-off versus Manny Malhotra in Penguins zone.
0:34 of 2nd period - Manny Malhotra is hit by Daniel Sedin and loses puck.
2:04 of 2nd period - Minor Penalty to David Clarkson for Holding.
2:05 of 2nd period - Henrik Sedin wins face-off versus Christian Hanson in Ducks zone.
2:10 of 2nd period - Shot by Daniel Sedin.
2:10 of 2nd period - Goal by Daniel Sedin - Penguins : 2 - Ducks : 1.
2:11 of 2nd period - Brad Richards wins face-off versus Andy McDonald in neutral zone.
2:24 of 2nd period - Shot by Bobby Ryan.
2:24 of 2nd period - Shot Blocked by Brad Richards.
3:18 of 2nd period - Icing by Rob Scuderi.
3:19 of 2nd period - Richard Park wins face-off versus Henrik Sedin in Ducks zone.
3:23 of 2nd period - Kurtis Foster is hit by Brandon Dubinsky and loses puck.
3:34 of 2nd period - Shot by Richard Park.
3:34 of 2nd period - Stopped by Marc-Andre Fleury without a rebound.
3:35 of 2nd period - Manny Malhotra wins face-off versus Blair Betts in Penguins zone.
3:42 of 2nd period - Shot by David Perron.
3:42 of 2nd period - Stopped by Marc-Andre Fleury without a rebound.
3:43 of 2nd period - Manny Malhotra wins face-off versus Henrik Sedin in Penguins zone.
3:46 of 2nd period - Shot by Jakub Voracek.
3:46 of 2nd period - Stopped by Marc-Andre Fleury without a rebound.
3:47 of 2nd period - Manny Malhotra wins face-off versus Blair Betts in Penguins zone.
4:15 of 2nd period - Daniel Winnik is hit by Manny Malhotra and loses puck.
5:00 of 2nd period - Brooks Orpik is hit by David Clarkson and loses puck.
5:09 of 2nd period - Shot by David Clarkson.
5:09 of 2nd period - Shot Misses the Net.
6:06 of 2nd period - Dustin Byfuglien is hit by Pavel Kubina.
7:30 of 2nd period - Shot by Kurtis Foster.
7:30 of 2nd period - Stopped by Marc-Andre Fleury without a rebound.
7:31 of 2nd period - Brad Richards wins face-off versus Christian Hanson in Penguins zone.
7:39 of 2nd period - Nicklas Lidstrom is hit by Christian Hanson and loses puck.
8:00 of 2nd period - Tom Poti is hit by Ian Laperriere and loses puck.
9:09 of 2nd period - Shot by Daniel Sedin.
9:09 of 2nd period - Shot Misses the Net.
9:21 of 2nd period - Shot by Kurtis Foster.
9:21 of 2nd period - Stopped by Marc-Andre Fleury with a rebound.
9:24 of 2nd period - Double Minor Penalty to Dan Girardi for Roughing.
9:25 of 2nd period - Dustin Byfuglien wins face-off versus Jason Pominville in Penguins zone.
9:46 of 2nd period - Shot by Bobby Ryan.
9:46 of 2nd period - Stopped by Marc-Andre Fleury with a rebound.
9:59 of 2nd period - Minor Penalty to Kurtis Foster for Hooking.
10:00 of 2nd period - Henrik Sedin wins face-off versus Manny Malhotra in Ducks zone.
10:09 of 2nd period - Shot by Henrik Sedin.
10:09 of 2nd period - Stopped by Jose Theodore without a rebound.
10:10 of 2nd period - Jason Pominville wins face-off versus Manny Malhotra in Ducks zone.
11:00 of 2nd period - Icing by Dominic Moore.
11:01 of 2nd period - Andy McDonald wins face-off versus Henrik Sedin in Ducks zone.
11:31 of 2nd period - Shot by Andy McDonald.
11:31 of 2nd period - Shot Misses the Net.
12:11 of 2nd period - Shot by Bobby Ryan.
12:11 of 2nd period - Shot Misses the Net.
12:13 of 2nd period - Shot by Marc-Edouard Vlasic.
12:13 of 2nd period - Shot Misses the Net.
12:17 of 2nd period - Shot by Dustin Byfuglien.
12:17 of 2nd period - Stopped by Marc-Andre Fleury without a rebound.
12:18 of 2nd period - Claude Giroux wins face-off versus Manny Malhotra in Penguins zone.
12:18 of 2nd period - Double Minor Penalty to David Clarkson for Slashing.
12:19 of 2nd period - Brad Richards wins face-off versus Manny Malhotra in Ducks zone.
12:39 of 2nd period - Shot by Brad Richards.
12:39 of 2nd period - Shot Misses the Net.
12:41 of 2nd period - Shot by Jason Pominville.
12:41 of 2nd period - Shot Misses the Net.
12:43 of 2nd period - Shot by Blair Betts.
12:43 of 2nd period - Deflect By Brad Richards.
12:43 of 2nd period - Shot Misses the Net.
12:45 of 2nd period - Shot by Blair Betts.
12:45 of 2nd period - Shot Misses the Net.
12:47 of 2nd period - Shot by Blair Betts.
12:47 of 2nd period - Shot Misses the Net.
13:19 of 2nd period - Shot by Andy McDonald.
13:19 of 2nd period - Stopped by Marc-Andre Fleury without a rebound.
13:20 of 2nd period - Ville Leino wins face-off versus Brandon Dubinsky in Penguins zone.
13:57 of 2nd period - Shot by Pavel Datsyuk.
13:57 of 2nd period - Stopped by Jose Theodore with a rebound.
14:10 of 2nd period - Icing by Daniel Sedin.
14:11 of 2nd period - Manny Malhotra wins face-off versus Henrik Sedin in Penguins zone.
14:27 of 2nd period - Icing by Henrik Sedin.
14:28 of 2nd period - Manny Malhotra wins face-off versus Daniel Sedin in Penguins zone.
14:32 of 2nd period - Minor Penalty to Pavel Kubina for Roughing.
14:33 of 2nd period - Andy McDonald wins face-off versus Jason Pominville in Penguins zone.
15:19 of 2nd period - Minor Penalty to David Perron for Tripping.
15:20 of 2nd period - Henrik Sedin wins face-off versus Christian Hanson in Ducks zone.
15:23 of 2nd period - Shot by Daniel Sedin.
15:23 of 2nd period - Shot Misses the Net.
15:25 of 2nd period - Shot by Brooks Orpik.
15:25 of 2nd period - Shot Blocked by Marc-Edouard Vlasic.
15:33 of 2nd period - Shot by Henrik Sedin.
15:33 of 2nd period - Shot Misses the Net.
16:44 of 2nd period - Shot by Daniel Sedin.
16:44 of 2nd period - Stopped by Jose Theodore with a rebound.
17:31 of 2nd period - Off-side.
17:32 of 2nd period - Richard Park wins face-off versus Blair Betts in neutral zone.
17:47 of 2nd period - Icing by Kurtis Foster.
17:48 of 2nd period - Brad Richards wins face-off versus Richard Park in Ducks zone.
18:27 of 2nd period - Shot by Jakub Voracek.
18:27 of 2nd period - Shot Misses the Net.
18:30 of 2nd period - Icing by Dan Girardi.
18:31 of 2nd period - Brad Richards wins face-off versus Andy McDonald in Penguins zone.

Period #3

0:01 of 3rd period - Daniel Sedin wins face-off versus Andy McDonald in neutral zone.
0:13 of 3rd period - Tom Poti is hit by Stephane Robidas and loses puck.
0:38 of 3rd period - Shot by Andy McDonald.
0:38 of 3rd period - Stopped by Marc-Andre Fleury without a rebound.
0:39 of 3rd period - Manny Malhotra wins face-off versus Brad Richards in Penguins zone.
0:46 of 3rd period - Shot by David Perron.
0:46 of 3rd period - Stopped by Marc-Andre Fleury with a rebound.
1:12 of 3rd period - Shot by Brad Richards.
1:12 of 3rd period - Stopped by Jose Theodore without a rebound.
1:13 of 3rd period - Richard Park wins face-off versus Claude Giroux in Ducks zone.
1:29 of 3rd period - Richard Park is hit by Dan Girardi and loses puck.
1:37 of 3rd period - David Clarkson is hit by Dan Girardi and loses puck.
1:44 of 3rd period - Shot by David Clarkson.
1:44 of 3rd period - Stopped by Marc-Andre Fleury with a rebound.
1:50 of 3rd period - Shot by Claude Giroux.
1:50 of 3rd period - Shot Misses the Net.
2:01 of 3rd period - Icing by Kurtis Foster.
2:02 of 3rd period - Henrik Sedin wins face-off versus Richard Park in Ducks zone.
2:21 of 3rd period - Shot by Daniel Sedin.
2:21 of 3rd period - Shot Blocked by Marc-Edouard Vlasic.
2:26 of 3rd period - Dustin Byfuglien is hit by Brandon Dubinsky.
3:36 of 3rd period - Jakub Voracek is hit by Pavel Kubina and loses puck.
4:00 of 3rd period - Icing by Marc-Edouard Vlasic.
4:01 of 3rd period - Christian Hanson wins face-off versus Blair Betts in Ducks zone.
4:22 of 3rd period - Shot by Blair Betts.
4:22 of 3rd period - Shot Misses the Net.
4:24 of 3rd period - Shot by Claude Giroux.
4:24 of 3rd period - Shot Misses the Net.
4:26 of 3rd period - Shot by Daniel Winnik.
4:26 of 3rd period - Stopped by Jose Theodore without a rebound.
4:27 of 3rd period - Richard Park wins face-off versus Curtis Glencross in Ducks zone.
4:37 of 3rd period - Minor Penalty to Nicklas Lidstrom for Hooking.
4:38 of 3rd period - Blair Betts wins face-off versus Dustin Byfuglien in Penguins zone.
5:45 of 3rd period - Shot by Tom Poti.
5:45 of 3rd period - Goal by Tom Poti - Penguins : 2 - Ducks : 2.
5:46 of 3rd period - Brad Richards wins face-off versus Richard Park in neutral zone.
5:51 of 3rd period - Shot by Nicklas Lidstrom.
5:51 of 3rd period - Shot Blocked by Kurtis Foster.
6:05 of 3rd period - Minor Penalty to Dan Girardi for Hooking.
6:06 of 3rd period - Blair Betts wins face-off versus Manny Malhotra in Penguins zone.
7:11 of 3rd period - Shot by Dustin Byfuglien.
7:11 of 3rd period - Shot Misses the Net.
7:43 of 3rd period - Shot by Tom Poti.
7:43 of 3rd period - Stopped by Marc-Andre Fleury without a rebound.
7:44 of 3rd period - Andy McDonald wins face-off versus Daniel Sedin in Penguins zone.
7:57 of 3rd period - Shot by Andy McDonald.
7:57 of 3rd period - Shot Blocked by Nicklas Lidstrom.
7:59 of 3rd period - Shot by Rob Scuderi.
7:59 of 3rd period - Stopped by Marc-Andre Fleury without a rebound.
8:00 of 3rd period - Blair Betts wins face-off versus Manny Malhotra in Penguins zone.
8:16 of 3rd period - Shot by Tom Poti.
8:16 of 3rd period - Shot Blocked by Pavel Datsyuk.
8:31 of 3rd period - Bryan Little is hit by Pavel Kubina and loses puck.
8:46 of 3rd period - Minor Penalty to Pavel Datsyuk for Interference.
8:47 of 3rd period - Blair Betts wins face-off versus Manny Malhotra in Penguins zone.
9:28 of 3rd period - Shot by Andy McDonald.
9:28 of 3rd period - Shot Misses the Net.
9:30 of 3rd period - Shot by Bobby Ryan.
9:30 of 3rd period - Deflect By Andy McDonald.
9:30 of 3rd period - Stopped by Marc-Andre Fleury with a rebound.
9:32 of 3rd period - Shot by Kurtis Foster.
9:32 of 3rd period - Shot Misses the Net.
9:34 of 3rd period - Shot by Andy McDonald.
9:34 of 3rd period - Shot Blocked by Dan Girardi.
9:38 of 3rd period - Shot by Bobby Ryan.
9:38 of 3rd period - Stopped by Marc-Andre Fleury with a rebound.
9:40 of 3rd period - Shot by Marc-Edouard Vlasic.
9:40 of 3rd period - Stopped by Marc-Andre Fleury with a rebound.
9:42 of 3rd period - Shot by Kurtis Foster.
9:42 of 3rd period - Stopped by Marc-Andre Fleury without a rebound.
9:43 of 3rd period - Claude Giroux wins face-off versus Andy McDonald in Penguins zone.
10:11 of 3rd period - Shot by Nicklas Lidstrom.
10:11 of 3rd period - Shot Blocked by Henrik Tallinder.
10:41 of 3rd period - Icing by David Clarkson.
10:42 of 3rd period - Manny Malhotra wins face-off versus Henrik Sedin in Ducks zone.
11:21 of 3rd period - Shot by Pavel Datsyuk.
11:21 of 3rd period - Shot Blocked by Rob Scuderi.
11:23 of 3rd period - Shot by Pavel Datsyuk.
11:23 of 3rd period - Shot Misses the Net.
11:25 of 3rd period - Shot by Brad Richards.
11:25 of 3rd period - Stopped by Jose Theodore without a rebound.
11:26 of 3rd period - Henrik Sedin wins face-off versus Manny Malhotra in Ducks zone.
11:45 of 3rd period - Shot by Daniel Sedin.
11:45 of 3rd period - Shot Misses the Net.
11:57 of 3rd period - Shot by Henrik Sedin.
11:57 of 3rd period - Shot Misses the Net.
11:59 of 3rd period - Shot by Stephane Robidas.
11:59 of 3rd period - Shot Blocked by Nick Schultz.
12:21 of 3rd period - Shot by Ian Laperriere.
12:21 of 3rd period - Stopped by Jose Theodore with a rebound.
12:23 of 3rd period - Shot by Curtis Glencross.
12:23 of 3rd period - Stopped by Jose Theodore with a rebound.
12:25 of 3rd period - Shot by Nicklas Lidstrom.
12:25 of 3rd period - Stopped by Jose Theodore without a rebound.
12:26 of 3rd period - Richard Park wins face-off versus Blair Betts in Ducks zone.
12:43 of 3rd period - Shot by Dominic Moore.
12:43 of 3rd period - Shot Misses the Net.
13:01 of 3rd period - Shot by Daniel Winnik.
13:01 of 3rd period - Shot Misses the Net.
13:23 of 3rd period - Shot by Brad Richards.
13:23 of 3rd period - Stopped by Jose Theodore without a rebound.
13:24 of 3rd period - Henrik Sedin wins face-off versus Dustin Byfuglien in Ducks zone.
13:25 of 3rd period - Shot by Daniel Sedin.
13:25 of 3rd period - Shot Blocked by Dustin Byfuglien.
14:02 of 3rd period - Dustin Byfuglien is hit by Brandon Dubinsky and loses puck.
14:16 of 3rd period - Icing by Stephane Robidas.
14:17 of 3rd period - Manny Malhotra wins face-off versus Henrik Sedin in Penguins zone.
15:00 of 3rd period - Icing by Pavel Kubina.
15:01 of 3rd period - Andy McDonald wins face-off versus Brad Richards in Penguins zone.
15:15 of 3rd period - Icing by Brad Richards.
15:16 of 3rd period - Richard Park wins face-off versus Brad Richards in Penguins zone.
16:23 of 3rd period - Shot by David Perron.
16:23 of 3rd period - Shot Misses the Net.
17:03 of 3rd period - Shot by Jason Pominville.
17:03 of 3rd period - Shot Misses the Net.
17:05 of 3rd period - Shot by Nicklas Lidstrom.
17:05 of 3rd period - Shot Misses the Net.
17:09 of 3rd period - Shot by Jason Pominville.
17:09 of 3rd period - Shot Misses the Net.
17:17 of 3rd period - Shot by Pavel Datsyuk.
17:17 of 3rd period - Deflect By Jason Pominville.
17:17 of 3rd period - Shot Misses the Net.
17:19 of 3rd period - Shot by Pavel Kubina.
17:19 of 3rd period - Shot Misses the Net.
17:58 of 3rd period - Shot by Daniel Sedin.
17:58 of 3rd period - Shot Misses the Net.
18:00 of 3rd period - Shot by Henrik Sedin.
18:00 of 3rd period - Shot Blocked by David Perron.
18:20 of 3rd period - Shot by Blair Betts.
18:20 of 3rd period - Stopped by Jose Theodore without a rebound.
18:21 of 3rd period - Brad Richards wins face-off versus Richard Park in Ducks zone.
19:01 of 3rd period - Kurtis Foster is hit by Stephane Robidas and loses puck.
19:35 of 3rd period - Shot by Curtis Glencross.
19:35 of 3rd period - Stopped by Jose Theodore with a rebound.
19:39 of 3rd period - Shot by Jason Pominville.
19:39 of 3rd period - Deflect By Curtis Glencross.
19:39 of 3rd period - Stopped by Jose Theodore without a rebound.
19:40 of 3rd period - Jason Pominville wins face-off versus Andy McDonald in Ducks zone.
19:53 of 3rd period - Shot by Andy McDonald.
19:53 of 3rd period - Stopped by Marc-Andre Fleury without a rebound.
19:54 of 3rd period - Ville Leino wins face-off versus Henrik Sedin in Penguins zone.

Overtime #1

0:01 of 1st overtime period - Henrik Sedin wins face-off versus Andy McDonald in neutral zone.
0:47 of 1st overtime period - Icing by Marc-Edouard Vlasic.
0:48 of 1st overtime period - Brad Richards wins face-off versus Andy McDonald in Ducks zone.
0:50 of 1st overtime period - Minor Penalty to Dan Girardi for Tripping.
0:51 of 1st overtime period - Manny Malhotra wins face-off versus Daniel Winnik in Penguins zone.
0:52 of 1st overtime period - Shot by David Perron.
0:52 of 1st overtime period - Stopped by Marc-Andre Fleury without a rebound.
0:53 of 1st overtime period - Daniel Winnik wins face-off versus Manny Malhotra in Penguins zone.
1:34 of 1st overtime period - Shot by Manny Malhotra.
1:34 of 1st overtime period - Shot Misses the Net.
2:05 of 1st overtime period - Icing by Bobby Ryan.
2:06 of 1st overtime period - Andy McDonald wins face-off versus Blair Betts in Ducks zone.
2:31 of 1st overtime period - Shot by Manny Malhotra.
2:31 of 1st overtime period - Deflect By David Perron.
2:31 of 1st overtime period - Goal by David Perron - Penguins : 2 - Ducks : 3.


Output by the SimonT Hockey Simulator (STHS) for Stephane Roy -- Original Page W3C XHTML 1.0 Valid